 Dungeon Crawl Stone Soup version 0.30.1-11-g7821555f0a (webtiles) character file.

Game seed: 6428288651287761107

32 Cheops the Cudgeller (level 3, -2/36 HPs)
             Began as an Ogre Gladiator on Dec 11, 2023.
             Slain by a goblin
             ... wielding a +0 club
              (4 damage)
             ... on level 2 of the Dungeon.
             The game lasted 00:01:51 (1091 turns).

Cheops the Cudgeller (Ogre Gladiator)               Turns: 1091, Time: 00:01:51

Health: -2/36      AC:  3    Str: 20    XL:     3   Next: 25%
Magic:  3/3        EV: 10    Int:  9    God:
Gold:   110        SH:  0    Dex: 10    Spells: 2/2 levels left

rFire   . . .        a - +0 flail
rCold   . . .        (no shield)
rNeg    . . .        b - +0 robe
rPois   .            c - +0 hat
rElec   .            (no cloak)
rCorr   .            (gloves unavailable)
SInv    .            (boots unavailable)
Will    .....        (no amulet)
Stlth   +            (no ring)
HPRegen 0.26/turn    (no ring)
MPRegen 0.08/turn

%: no passive effects
@: no status effects
A: large, unfitting armour, tough skin 1
a: no special abilities


You were on level 2 of the Dungeon.
You visited 1 branch of the dungeon, and saw 2 of its levels.

You collected 110 gold pieces.

Inventory:

Hand Weapons
 a - a +0 flail (weapon)
Missiles
 d - 3 throwing nets (quivered)
 e - a large rock
Armour
 b - a +0 robe (worn)
 c - a +0 hat (worn)
Jewellery
 j - a +6 ring of intelligence
Scrolls
 f - a scroll of brand weapon {unknown}
 i - 3 scrolls of summoning {unknown}
 k - a scroll of blinking {unknown}
 l - a scroll of enchant armour {unknown}
 n - 3 scrolls of identify {unknown}
Potions
 g - 2 potions of curing {unknown}
 h - a potion of degeneration {unknown}
 m - 2 potions of berserk rage {unknown}


   Skills:
 - Level 2.6 Fighting
 + Level 3.9 Maces & Flails
 - Level 2.0 Throwing
 - Level 2.6 Dodging


You had 2 spell levels left.
You didn't know any spells.
Your spell library was empty.

Dungeon Overview and Level Annotations

Branches:
Dungeon (2/15)

Altars:


Innate Abilities, Weirdness & Mutations

You are too large for most types of armour.
You have tough skin. (AC +1)


Message History

You feel sick. The endoplasm freezes you.
You are frozen.
* * * LOW HITPOINT WARNING * * *
You hit the endoplasm but do no damage.
The endoplasm is severely wounded.
You feel sick. The endoplasm barely misses you.
You barely miss the endoplasm.
The endoplasm is severely wounded.
You feel sick. The endoplasm misses you.
You hit the endoplasm but do no damage.
The endoplasm is severely wounded.
You feel sick. The endoplasm freezes you.
You are frozen.
* * * LOW HITPOINT WARNING * * *
The endoplasm freezes you.
You are frozen.
* * * LOW HITPOINT WARNING * * *
You hit the endoplasm but do no damage.
The endoplasm is severely wounded.
You feel sick.
You are no longer poisoned.
The endoplasm barely misses you.
You hit the endoplasm.
You kill the endoplasm!
The goblin shoots a sling bullet.
The sling bullet hits you but does no damage.
You swing at nothing.
The goblin shoots a sling bullet.
The sling bullet barely misses you.
The goblin unwields a +0 sling.
The goblin wields a +0 club.
The goblin barely misses you.
You see here an adder corpse.
You barely miss the goblin. The goblin hits you with a +0 club.
* * * LOW HITPOINT WARNING * * *
You closely miss the goblin. The goblin hits you with a +0 club.
* * * LOW HITPOINT WARNING * * *
You barely miss the goblin. The goblin closely misses you.
The goblin hits you with a +0 club.
You die...

#...... #......
#.....# ####.....#
#........# #........#
##
#########........####.
+....@g.'........†....
######..#........####.
##..#........# #.
##..##...##########
#..####### #.....
#....# #..... #..##..#
#..... #..# ...#
###### #.g# ##..#


You could see a goblin.

Vanquished Creatures
  An adder (D:2)
  3 endoplasms
  2 goblins (D:1)
  4 hobgoblins (D:1)
  2 quokkas (D:1)
  3 bats (D:1)
  2 frilled lizards (D:1)
  2 kobolds
  3 rats
22 creatures vanquished.

Notes
Turn   | Place    | Note
-------+----------+-------------------------------------------
     0 | D:1      | Cheops the Ogre Gladiator began the quest for the Orb.
     0 | D:1      | Reached XP level 1. HP: 22/22 MP: 1/1
   142 | D:1      | Reached skill level 3 in Maces & Flails
   197 | D:1      | Reached XP level 2. HP: 29/29 MP: 2/2
  1081 | D:2      | Reached XP level 3. HP: 22/36 MP: 3/3
  1091 | D:2      | Slain by a goblin

Illustrated notes

Levels and vault maps discovered:
D:1:      shiori_arrival_oz, layout_basic, chequers_garden, grunt_decor_clamped
D:2:      minmay_alternating_diamond, layout_basic,
          shapermc_ecumenical_altar_acropolis, minivault_27

Skill      XL: |  1 |
---------------+----+-----
Maces & Flails | 3 |  3.9
Fighting       | |  2.6
Throwing       | |  2.0
Dodging        | |  2.6

Action                     || total
---------------------------++-------
  Melee: Flail             ||    62
 Armour: Robe              ||    15
  Dodge: Dodged            ||    33
